 Dungeon Crawl Stone Soup version 0.26.1-11-gd32895ea62 (webtiles) character file.

Game seed: 15281289587574834608

424 jlumianski the Caller (level 6, -2/24 HPs)
             Began as a Felid Summoner on May 21, 2021.
             Was an Initiate of Gozag.
             Slain by an orc warrior
             ... wielding a +2 vorpal dire flail
              (26 damage)
             ... on level 5 of the Dungeon.
             The game lasted 00:39:16 (7053 turns).

jlumianski the Caller (Felid Summoner)              Turns: 7053, Time: 00:39:17

Health: -2/24      AC:  2    Str:  4    XL:     6   Next: 64%
Magic:  1/14       EV: 18    Int: 18    God:    Gozag
Gold:   266        SH:  0    Dex: 17    Spells: 5/14 levels left
                                        Lives:  0   Deaths: 1

rFire    + . .     SeeInvis +     - Unarmed
rCold    . . .     Faith    .   (shield unavailable)
rNeg     . . .     Spirit   .   (armour unavailable)
rPois    .         Reflect  .   (helmet unavailable)
rElec    .         Harm     .   (cloak unavailable)
rCorr    .         Rampage  .   (gloves unavailable)
Will     .....                  (boots unavailable)
Stlth    +++.......             (no amulet)
HPRegen  0.08/turn              (no ring)
MPRegen  0.14/turn              (no ring)

@: quick
A: very small, no armour, no weapons or thrown items, stealth, claws 1, fangs 3,
see invisible, fire resistance 1, speed 1, mutation resistance 1, shaggy fur 2,
wild magic 1, sharp paws
a: Renounce Religion, Potion Petition, Call Merchant, Bribe Branch


You were on level 5 of the Dungeon.
You worshipped Gozag.
Gozag was aware of your devotion.
You visited 2 branches of the dungeon, and saw 6 of its levels.

You collected 349 gold pieces.
You paid 83 gold pieces to Gozag.

Inventory:

Wands
 h - a wand of polymorph (8)
Scrolls
 b - 4 scrolls of identify
 c - 5 scrolls of remove curse
 e - 2 scrolls of noise
 g - a scroll of teleportation
Potions
 a - 2 potions of curing
 d - 2 potions of heal wounds
 f - 5 potions of invisibility
 i - a potion of magic {unknown}


   Skills:
 + Level 2.9 Dodging
 + Level 3.9 Stealth
 + Level 1.3 Unarmed Combat
 + Level 4.7 Spellcasting
 + Level 6.2 Summonings


You had 5 spell levels left.
You knew the following spells:

 Your Spells              Type           Power        Failure   Level
a - Summon Small Mammal   Summ           100%         2%          1
b - Call Imp              Summ           34%          3%          2
c - Call Canine Familiar  Summ           34%          5%          3
d - Summon Guardian Gole  Hex/Summ       20%          17%         3

Your spell library contained the following spells:

 Spells                   Type           Power        Failure   Level
 Summon Ice Beast         Ice/Summ       20%          45%         4
 Summon Lightning Spire   Summ/Air       20%          45%         4


Dungeon Overview and Level Annotations

Branches:
Dungeon (5/15)             Temple (1/1) D:4

Altars:
Ashenzari
Cheibriados
Elyvilon
Fedhas
Gozag
Kikubaaqudgha
Makhleb
Nemelex Xobeh
Okawaru
Qazlal
Ru
Sif Muna
Trog
Uskayaw
Vehumet
Xom
Yredelemnul
Zin
The Shining One


Innate Abilities, Weirdness & Mutations

You cannot wear armour.
You are incapable of wielding weapons or throwing items.
Your paws allow you to move quietly. (Stealth)
You have sharp claws.
You have razor-sharp teeth.
You have supernaturally acute eyesight. (SInv)
You cover ground quickly.
You are covered in thick fur. (AC +2)
Your sharp claws are effective at attacking unaware monsters.
Your flesh is heat resistant. (rF+)
You are somewhat resistant to further mutation.
Your spells are a little harder to cast, but a little more powerful.


Message History

Your hound closely misses the orc warrior.
The orc warrior hits your hound with a +2 vorpal dire flail!
Your hound dies!
Your hound's corpse disappears in a puff of smoke!
Your quokka bites the orc warrior but does no damage.
The orc warrior closely misses your quokka.
Your quokka bites the orc warrior.
The orc warrior hits your quokka with a +2 vorpal dire flail.
Your quokka dies!
Your quokka's corpse disappears in a puff of smoke!
The orc warrior hits your quokka with a +2 vorpal dire flail!
Your quokka dies!
Your quokka's corpse disappears in a puff of smoke!
Your crimson imp blinks! x2
Your quokka closely misses the orc warrior.
Your quokka bites the orc warrior but does no damage.
The orc warrior hits you with a +2 vorpal dire flail!!
Ouch! That really hurt!
You die...
Your body crumbles into a pile of gold.

############.#.......##≈≈
#...5........#......##≈§
#.#######.####.....## #.#
#....#....##§§≈ #.#
#.####...##§§§##
#######.### #5####..##
§≈##Z #.........#
#....#.##§ ≈##S..
#.........#####r.#####≈≈≈
#..(. #.>.........o.oo@#
≈§≈ ...
#......<..#####5.#
..#.......# #..#
#......§§.# #..#
#......o..# #...
.$.?.oo...# ##.##
#...$$....# #.#
#####.##..... ..#
...######


You could see an orc warrior, 2 orcs, 2 friendly crimson imps and a friendly
quokka (summoned).

Vanquished Creatures
  An adder (D:1)
  A leopard gecko (D:2)
  An orc (D:5)
  3 giant cockroaches
  5 goblins
  4 hobgoblins
  A quokka (D:3)
  3 ball pythons
  4 bats
  A frilled lizard (D:3)
  A jackal skeleton (D:3)
  2 kobolds
  2 rats
29 creatures vanquished.

Vanquished Creatures (collateral kills)
  Eustachio (D:4)
  Duvessa (D:4)
  An ogre (D:4)
  Dowan (D:4)
  A scorpion (D:3)
  An orc wizard (D:5)
  An iguana (D:4)
  Natasha (thrice) (D:4)
  A hound skeleton (D:4)
  3 gnolls (D:4)
  8 adders
  An ooze (D:4)
  An adder skeleton (D:4)
  2 worms (D:2)
  A dart slug (D:2)
  3 leopard geckos
  6 orcs
  4 bats
  13 giant cockroaches
  7 goblins
  5 hobgoblins
  6 jackals
  6 ball pythons
  3 frilled lizards
  7 kobolds
  4 rats
91 creatures vanquished.

Vanquished Creatures (others)
  3 plants (D:3)
3 creatures vanquished.

Grand Total: 123 creatures vanquished

Notes
Turn   | Place    | Note
-------+----------+-------------------------------------------
     0 | D:1      | jlumianski the Felid Summoner began the quest for the Orb.
     0 | D:1      | Reached XP level 1. HP: 7/7 MP: 4/4
   247 | D:1      | Reached XP level 2. HP: 11/11 MP: 0/6
   250 | D:1      | Learned a level 2 spell: Call Imp
  1464 | D:1      | Reached XP level 3. HP: 6/14 MP: 2/7
  2819 | D:2      | Reached XP level 4. HP: 18/18 MP: 9/9
  2845 | D:2      | Learned a level 3 spell: Call Canine Familiar
  2994 | D:2      | Gained mutation: Your spells are a little harder to cast,
                  | but a little more powerful. [potion of mutation]
  2994 | D:2      | Gained mutation: Your flesh is heat resistant. (rF+)
                  | [potion of mutation]
  2994 | D:2      | Gained mutation: You are somewhat resistant to further
                  | mutation. [potion of mutation]
  3648 | D:3      | Reached skill level 5 in Summonings
  3696 | D:3      | Found a shimmering altar of Xom.
  3696 | D:3      | Found a shimmering altar of Xom.
  3698 | D:3      | Found a shimmering altar of Xom.
  3698 | D:3      | Found a shimmering altar of Xom.
  3698 | D:3      | Found a shimmering altar of Xom.
  4444 | D:3      | Slain by an adder
  4445 | D:3      | Reached XP level 3. HP: 0/14 MP: 4/8
  4585 | D:4      | Noticed an ogre
  4603 | D:4      | Noticed a scorpion
  4606 | D:4      | Killed an ogre
  4607 | D:4      | Reached XP level 4. HP: 18/18 MP: 0/10
  5047 | D:4      | Reached XP level 5. HP: 21/21 MP: 5/11
  5161 | D:4      | Noticed Natasha
  5171 | D:4      | Killed Natasha
  5243 | D:4      | Noticed Dowan
  5244 | D:4      | Noticed Duvessa
  5281 | D:4      | Killed Duvessa
  5305 | D:4      | Killed Dowan
  5590 | D:4      | Found a staircase to the Ecumenical Temple.
  5602 | Temple   | Entered the Ecumenical Temple
  5640 | Temple   | Became a worshipper of Elyvilon the Healer
  5754 | D:4      | Fell from the grace of Elyvilon
  5801 | Temple   | Became a worshipper of Gozag Ym Sagoz the Greedy
  5843 | D:4      | Noticed Natasha
  5848 | D:4      | Killed Natasha
  5849 | D:4      | Gained mutation: You are covered in thick fur. (AC +2)
                  | [Felid growth]
  5849 | D:4      | Reached XP level 6. HP: 24/24 MP: 7/13
  5928 | D:4      | Learned a level 3 spell: Summon Guardian Golem
  6133 | D:4      | Noticed Natasha
  6145 | D:4      | Killed Natasha
  6146 | D:4      | Reached skill level 1 in Unarmed Combat
  6218 | D:4      | Noticed Eustachio
  6264 | D:4      | Killed Eustachio
  6265 | D:4      | Reached skill level 6 in Summonings
  6623 | D:5      | Entered Level 5 of the Dungeon
  6691 | D:5      | Noticed an orc warrior
  7053 | D:5      | Slain by an orc warrior

Illustrated notes

Levels and vault maps discovered:
D:1:      lemuel_arrival_funnel, layout_basic, st_stairs_14, nrook_uturn
D:2:      minmay_roachtagon, layout_rooms, minmay_randomly_rotated_circles
D:3:      cheibrodos_old_hovel, layout_loops_ring, xom_redecorated
D:4:      layout_layer_cave, minmay_temple_entry_glassed_door,
          minmay_fractal_squares_diagonal_5, uniq_duvessa, uniq_eustachio,
          uniq_natasha
D:5:      layout_loops_ring, chequers_temple_overflow_minitemple, basic_altar,
          kennysheep_opposing_triangles
Temple:   nicolae_temple_no_exploring_needed

Skill      XL: |  1  2  3  4  5  6 |
---------------+-------------------+-----
Stealth        | 3 |  3.9
Spellcasting   | 3 4 |  4.7
Summonings     | 5 6 |  6.2
Unarmed Combat | 1 |  1.3
Dodging        | |  2.9

Action                   |  1- 3 |  4- 6 || total
-------------------------+-------+-------++-------
Melee: Unarmed           |    48 |    39 ||    87
       Punch             |     2 |       ||     2
       Bite              |     1 |     1 ||     2
 Cast: Summon Small Mamm |    77 |    87 ||   164
       Call Imp          |    29 |    40 ||    69
       Call Canine Famil |       |     7 ||     7
Invok: Renounce Religion |       |     1 ||     1
  Use: Potion            |     1 |     7 ||     8
       Scroll            |     1 |     5 ||     6
 Stab: Sleeping          |    12 |     8 ||    20
       Distracted        |     1 |       ||     1
       Invisible         |       |     1 ||     1
Armor: Skin              |     2 |     2 ||     4
Dodge: Dodged            |    55 |    60 ||   115
